PCL
LANSING LUGNUTS @ MEXICO CITY CERVECEROS
09/28/2024
 
TOP OF THE 1ST
Lansing Lugnuts batting - Pitching for Mexico City Cerveceros : RHP Honorato Mota
Pitching: RHP Honorato Mota
Batting: LHB Héctor Rentería 0-0: Ball
1-0: Ground out 3-1 (Groundball, 34)
Batting: RHB Carlos Pérez 0-0: Ball
1-0: Foul Ball, location: 2F
1-1: Reached on Error, E4 (Popup, 34D)
Batting: LHB Juan Colón 0-0: Ball
1-0: Ball
2-0: Foul Ball, location: 2F
2-1: Foul Ball, location: 2F
2-2: Fly out, F4 (Line Drive, 4)
Batting: LHB Ricardo Romero 0-0: Ball
1-0: Ball
2-0: Ball
3-0: Base on Balls
Carlos Pérez to second
Batting: RHB Júlio Caraballo 0-0: Foul Ball, location: 2F
0-1: Ball
1-1: Ball
2-1: Fly out, F8 (Flyball, 8RM)
Top of the 1st over - 0 run(s), 0 hit(s), 1 error(s), 2 left on base; Lansing 0 - Mexico City 0
BOTTOM OF THE 1ST
Mexico City Cerveceros batting - Pitching for Lansing Lugnuts : RHP Manabu Mizuno
Pitching: RHP Manabu Mizuno
Batting: LHB Jesús Núñez 0-0: Ball
1-0: SINGLE (Groundball, 6MD)
Batting: LHB Kevin Beasley 0-0: Called Strike
0-1: Ball
1-1: Swinging Strike
1-2: Fly out, F8 (Flyball, 8RD)
Runner from 1st tags up, SAFE at 2nd
Batting: RHB Iván Gonzáles 0-0: Ball
1-0: Ball
2-0: Called Strike
2-1: Foul Ball, location: 2F
2-2: Ground out 3-1 (Groundball, 34)
Jesús Núñez to third
Batting: LHB Juan García 0-0: Hit by Pitch
Batting: RHB Pablo Trujillo 0-0: Called Strike
0-1: Fly out, F8 (Flyball, 8LS)
Bottom of the 1st over - 0 run(s), 1 hit(s), 0 error(s), 2 left on base; Lansing 0 - Mexico City 0
TOP OF THE 2ND
Lansing Lugnuts batting - Pitching for Mexico City Cerveceros : RHP Honorato Mota
Batting: LHB Jeffrey Satterley 0-0: Ball
1-0: Ground out 1-3 (Groundball, 15S)
Batting: RHB Sadao Kimura 0-0: Ball
1-0: Called Strike
1-1: Ball
2-1: Ball
3-1: Swinging Strike
3-2: Fly out, F9 (Flyball, 89M)
Batting: RHB Matt Silver 0-0: Fly out, F8 (Line Drive, 8RD)
Top of the 2nd over - 0 run(s), 0 hit(s), 0 error(s), 0 left on base; Lansing 0 - Mexico City 0
BOTTOM OF THE 2ND
Mexico City Cerveceros batting - Pitching for Lansing Lugnuts : RHP Manabu Mizuno
Batting: RHB Jorge González 0-0: Ball
1-0: Foul Ball, location: 2F
1-1: Ball
2-1: Ball
3-1: Foul Ball, location: 2F
3-2: Base on Balls
Batting: LHB Francisco Franco 0-0: Called Strike
0-1: Foul Ball, location: 2F
0-2: Ball
1-2: Fly out, F9 (Line Drive, 9M)
Batting: SHB George Adams 0-0: Fly out, F9 (Flyball, 9LS)
Batting: RHB Jorge Rodríguez 0-0: Ball
1-0: Ball
2-0: Ball
3-0: Base on Balls
Jorge González to second
Batting: LHB Jesús Núñez 0-0: Ball
1-0: Called Strike
1-1: SINGLE (Line Drive, 34)
Jorge González to third
Jorge Rodríguez to second
Runner from 3rd tries for Home, SAFE, no throw or cutoff
Batting: LHB Kevin Beasley 0-0: Ball
1-0: Ball
2-0: Ball
3-0: Base on Balls
Jorge Rodríguez to third
Jesús Núñez to second
Batting: RHB Iván Gonzáles 0-0: Called Strike
0-1: Ball
1-1: DOUBLE (Line Drive, 89D)
Jorge Rodríguez scores
Jesús Núñez scores
Kevin Beasley to third
Batting: LHB Juan García 0-0: SINGLE (Groundball, 34D)
Kevin Beasley scores
Iván Gonzáles to third
Runner from 3rd tries for Home, SAFE, no throw or cutoff
Batting: RHB Pablo Trujillo 0-0: Foul Ball, location: 2F
0-1: Ball
1-1: Foul Ball, location: 2F
1-2: Foul Ball, location: 2F
1-2: Strikes out swinging
Bottom of the 2nd over - 5 run(s), 3 hit(s), 0 error(s), 1 left on base; Lansing 0 - Mexico City 5
TOP OF THE 3RD
Lansing Lugnuts batting - Pitching for Mexico City Cerveceros : RHP Honorato Mota
Batting: RHB Tony Reyes 0-0: Called Strike
0-1: Swinging Strike
0-2: Strikes out looking
Batting: LHB Héctor Rentería 0-0: Foul Ball, location: 2F
0-1: Ball
1-1: SINGLE (Flyball, 9LM)
Batting: RHB Carlos Pérez 0-0: Ball
1-0: Ball
2-0: Ball
3-0: Called Strike
3-1: Called Strike
3-2: Strikes out swinging
Batting: LHB Juan Colón 0-0: Called Strike
0-1: Foul Ball, location: 2F
0-2: Foul Ball, location: 2F
0-2: Ball
1-2: Foul Ball, location: 2F
1-2: Foul Ball, location: 2F
1-2: SINGLE (Groundball, 34)
Héctor Rentería to second
Héctor Rentería to third
Batting: LHB Ricardo Romero 0-0: Ball
1-0: Foul Ball, location: 2F
1-1: Foul Ball, location: 2F
1-2: Strikes out swinging
Top of the 3rd over - 0 run(s), 2 hit(s), 0 error(s), 2 left on base; Lansing 0 - Mexico City 5
BOTTOM OF THE 3RD
Mexico City Cerveceros batting - Pitching for Lansing Lugnuts : RHP Manabu Mizuno
Batting: RHB Jorge González 0-0: Called Strike
0-1: Ball
1-1: Ground out 6-3 (Groundball, 6)
Batting: LHB Francisco Franco 0-0: Ball
1-0: Foul Ball, location: 2F
1-1: Called Strike
1-2: Hit by Pitch
Batting: SHB George Adams 0-0: Swinging Strike
0-1: Ball
1-1: Ball
2-1: Ground out 4-3 (Groundball, 4M)
Francisco Franco to second
Batting: RHB Jorge Rodríguez 0-0: Called Strike
0-1: Ground out 4-3 (Groundball, 13)
Bottom of the 3rd over - 0 run(s), 0 hit(s), 0 error(s), 1 left on base; Lansing 0 - Mexico City 5
TOP OF THE 4TH
Lansing Lugnuts batting - Pitching for Mexico City Cerveceros : RHP Honorato Mota
Batting: RHB Júlio Caraballo 0-0: Called Strike
0-1: Called Strike
0-2: Strikes out swinging
Batting: LHB Jeffrey Satterley 0-0: Ball
1-0: Called Strike
1-1: Ball
2-1: Foul Ball, location: 2F
2-2: Ball
3-2: Fly out, F8 (Line Drive, 78M)
Batting: RHB Sadao Kimura 0-0: Swinging Strike
0-1: Ball
1-1: Ball
2-1: Ground out 6-3 (Groundball, 6)
Top of the 4th over - 0 run(s), 0 hit(s), 0 error(s), 0 left on base; Lansing 0 - Mexico City 5
BOTTOM OF THE 4TH
Mexico City Cerveceros batting - Pitching for Lansing Lugnuts : RHP Manabu Mizuno
Batting: LHB Jesús Núñez 0-0: Swinging Strike
0-1: Fly out, F9 (Line Drive, 9S)
Batting: LHB Kevin Beasley 0-0: Called Strike
0-1: SOLO HOME RUN (Line Drive, 89XD), Distance : 390 ft
Batting: RHB Iván Gonzáles 0-0: Fly out, F8 (Flyball, 8LM)
Batting: LHB Juan García 0-0: Ball
1-0: Ball
2-0: Fly out, F8 (Flyball, 8LD)
Bottom of the 4th over - 1 run(s), 1 hit(s), 0 error(s), 0 left on base; Lansing 0 - Mexico City 6
TOP OF THE 5TH
Lansing Lugnuts batting - Pitching for Mexico City Cerveceros : RHP Honorato Mota
Batting: RHB Matt Silver 0-0: Called Strike
0-1: Ball
1-1: Called Strike
1-2: Foul Ball, location: 2F
1-2: Fly out, F7 (Line Drive, 7D)
Batting: RHB Tony Reyes 0-0: Ball
1-0: Swinging Strike
1-1: Fly out, F7 (Flyball, 78M)
Batting: LHB Héctor Rentería 0-0: Called Strike
0-1: Ball
1-1: Ball
2-1: Foul Ball, location: 2F
2-2: Foul Ball, location: 2F
2-2: Strikes out swinging
Top of the 5th over - 0 run(s), 0 hit(s), 0 error(s), 0 left on base; Lansing 0 - Mexico City 6
BOTTOM OF THE 5TH
Mexico City Cerveceros batting - Pitching for Lansing Lugnuts : RHP Manabu Mizuno
Batting: RHB Pablo Trujillo 0-0: Ball
1-0: Ball
2-0: Called Strike
2-1: Ground out 1-3 (Groundball, 23)
Batting: RHB Jorge González 0-0: Foul Ball, location: 2F
0-1: Ball
1-1: Foul Ball, location: 2F
1-2: Foul Ball, location: 2F
1-2: Foul Ball, location: 2F
1-2: Foul Ball, location: 2F
1-2: Ball
2-2: Ball
3-2: Foul Ball, location: 2F
3-2: Foul Ball, location: 2F
3-2: Fly out, F8 (Flyball, 8RXD)
Batting: LHB Francisco Franco 0-0: Called Strike
0-1: Ball
1-1: Foul Ball, location: 2F
1-2: Strikes out swinging
Bottom of the 5th over - 0 run(s), 0 hit(s), 0 error(s), 0 left on base; Lansing 0 - Mexico City 6
TOP OF THE 6TH
Lansing Lugnuts batting - Pitching for Mexico City Cerveceros : RHP Honorato Mota
Batting: RHB Carlos Pérez 0-0: Called Strike
0-1: Ball
1-1: Foul Ball, location: 2F
1-2: Fly out, F5 (Popup, 56S)
Batting: LHB Juan Colón 0-0: Ball
1-0: Foul Ball, location: 2F
1-1: Swinging Strike
1-2: SOLO HOME RUN (Flyball, 9LD), Distance : 331 ft
Batting: LHB Ricardo Romero 0-0: Ball
1-0: Fly out, F8 (Flyball, 8LXD)
Batting: RHB Júlio Caraballo 0-0: Called Strike
0-1: Foul Ball, location: 2F
0-2: Strikes out swinging
Top of the 6th over - 1 run(s), 1 hit(s), 0 error(s), 0 left on base; Lansing 1 - Mexico City 6
BOTTOM OF THE 6TH
Mexico City Cerveceros batting - Pitching for Lansing Lugnuts : RHP Manabu Mizuno
Batting: SHB George Adams 0-0: Ball
1-0: Ball
2-0: Swinging Strike
2-1: Ball
3-1: Base on Balls
Batting: RHB Jorge Rodríguez 0-0: Ball
1-0: Called Strike
1-1: Foul Ball, location: 2F
1-2: Ball
George Adams steals 2nd base
2-2: Ball
3-2: Strikes out swinging
Batting: LHB Jesús Núñez 0-0: Ball
1-0: Swinging Strike
1-1: Swinging Strike
1-2: Strikes out swinging
Pitching: RHP Ángelo Gusmán
Batting: LHB Kevin Beasley 0-0: Called Strike
0-1: Ball
1-1: Ball
2-1: Ball
3-1: Base on Balls
Batting: RHB Iván Gonzáles 0-0: Called Strike
0-1: Foul Ball, location: 2F
0-2: Ball
1-2: Foul Ball, location: 2F
1-2: Ball
2-2: Strikes out swinging
Bottom of the 6th over - 0 run(s), 0 hit(s), 0 error(s), 2 left on base; Lansing 1 - Mexico City 6
TOP OF THE 7TH
Lansing Lugnuts batting - Pitching for Mexico City Cerveceros : RHP Honorato Mota
Batting: LHB Jeffrey Satterley 0-0: Ball
1-0: Called Strike
1-1: Foul Ball, location: 2F
1-2: Strikes out swinging
Batting: RHB Sadao Kimura 0-0: Ball
1-0: Swinging Strike
1-1: Called Strike
1-2: TRIPLE (Flyball, 9D)
Pitching: RHP David Sheppard
Batting: RHB Matt Silver 0-0: Called Strike
0-1: Ball
1-1: Ball
2-1: Foul Ball, location: 2F
2-2: Foul Ball, location: 2F
2-2: SINGLE (Groundball, 6MD)
Sadao Kimura scores
Batting: RHB Tony Reyes 0-0: Fly out, F9 (Flyball, 9LD)
Runner from 1st tags up, SAFE at 2nd
Batting: LHB Héctor Rentería 0-0: Ball
1-0: Ground out 4-3 (Groundball, 4M)
Top of the 7th over - 1 run(s), 2 hit(s), 0 error(s), 1 left on base; Lansing 2 - Mexico City 6
BOTTOM OF THE 7TH
Mexico City Cerveceros batting - Pitching for Lansing Lugnuts : RHP Ángelo Gusmán
Batting: LHB Juan García 0-0: Ball
1-0: Ground out 4-3 (Groundball, 4)
Batting: RHB Pablo Trujillo 0-0: SINGLE (Flyball, 8LS)
Batting: RHB Jorge González 0-0: Ball
1-0: Called Strike
1-1: Ball
2-1: Ball
3-1: Foul Ball, location: 2F
3-2: Base on Balls
Pablo Trujillo to second
Batting: LHB Francisco Franco 0-0: Foul Ball, location: 2F
0-1: Foul Ball, location: 2F
0-2: Ball
1-2: Foul Ball, location: 2F
1-2: Strikes out swinging
Batting: SHB George Adams 0-0: Ball
1-0: Foul Ball, location: 2F
1-1: Swinging Strike
1-2: Ground out 5-3 (Groundball, 56S)
Bottom of the 7th over - 0 run(s), 1 hit(s), 0 error(s), 2 left on base; Lansing 2 - Mexico City 6
TOP OF THE 8TH
Lansing Lugnuts batting - Pitching for Mexico City Cerveceros : RHP David Sheppard
Batting: RHB Carlos Pérez 0-0: Ball
1-0: Called Strike
1-1: Foul Ball, location: 2F
1-2: Strikes out looking
Batting: LHB Juan Colón 0-0: Called Strike
0-1: Swinging Strike
0-2: Ball
1-2: Ground out 3-1 (Groundball, 34)
Batting: LHB Ricardo Romero 0-0: Called Strike
0-1: Fly out, F8 (Flyball, 8LD)
Top of the 8th over - 0 run(s), 0 hit(s), 0 error(s), 0 left on base; Lansing 2 - Mexico City 6
BOTTOM OF THE 8TH
Mexico City Cerveceros batting - Pitching for Lansing Lugnuts : RHP Ángelo Gusmán
Batting: RHB Jorge Rodríguez 0-0: Ball
1-0: Called Strike
1-1: Foul Ball, location: 2F
1-2: Ball
2-2: Foul Ball, location: 2F
2-2: Ball
3-2: Foul Ball, location: 2F
3-2: Foul Ball, location: 2F
3-2: Foul Ball, location: 2F
3-2: Foul Ball, location: 2F
3-2: Foul Ball, location: 2F
3-2: Base on Balls
Batting: LHB Jesús Núñez 0-0: Sac Bunt - play at first, batter OUT! 1-3
Jorge Rodríguez to second
Batting: LHB Kevin Beasley 0-0: Ball
1-0: Ball
2-0: Called Strike
2-1: Foul Ball, location: 2F
2-2: Ball
3-2: SINGLE (Groundball, 3D)
Jorge Rodríguez to third
Runner from 3rd tries for Home, SAFE, throw made home
Kevin Beasley to second
Batting: RHB Iván Gonzáles 0-0: Ball
1-0: Ball
2-0: Called Strike
2-1: Ball
3-1: Foul Ball, location: 2F
3-2: Foul Ball, location: 2F
3-2: Base on Balls
Batting: LHB Juan García 0-0: Called Strike
0-1: Ball
1-1: Ball
2-1: Grounds into double play, 3-6-1 (Groundball, 3)
Bottom of the 8th over - 1 run(s), 1 hit(s), 0 error(s), 1 left on base; Lansing 2 - Mexico City 7
TOP OF THE 9TH
Lansing Lugnuts batting - Pitching for Mexico City Cerveceros : RHP David Sheppard
Now at 1B: Bill Finley
Now in CF: Víctor Carrillo
Batting: RHB Júlio Caraballo 0-0: Called Strike
0-1: SINGLE (Groundball, 56)
Batting: LHB Jeffrey Satterley 0-0: Called Strike
0-1: DOUBLE (Line Drive, 78XD)
Júlio Caraballo to third
Batting: RHB Sadao Kimura 0-0: Called Strike
0-1: DOUBLE (Flyball, 89S)
Júlio Caraballo scores
Jeffrey Satterley scores
Pitching: RHP Bill Bygrove
Batting: RHB Matt Silver 0-0: Called Strike
0-1: DOUBLE (Flyball, 89M)
Sadao Kimura scores
Batting: RHB Tony Reyes 0-0: Swinging Strike
0-1: Ball
1-1: Ball
2-1: DOUBLE (Flyball, 78XD)
Matt Silver scores
Batting: LHB Héctor Rentería 0-0: Ground out U3 (Groundball, 3)
Tony Reyes to third
Batting: RHB Carlos Pérez 0-0: Ball
1-0: Called Strike
1-1: Swinging Strike
1-2: Strikes out swinging
Batting: LHB Juan Colón 0-0: Ground out 4-3 (Groundball, 4)
Top of the 9th over - 4 run(s), 5 hit(s), 0 error(s), 1 left on base; Lansing 6 - Mexico City 7
This league is powered by Out of the Park Baseball, the baseball management simulation game for PC, Mac and Linux
Saturday, April 9th, 2016 - OOTP Baseball 16.8 Build 38